Map: Красное смещение РВ

Players

Murena

  • Race: Terran Terran
  • Spawn Location: 11:00

ИИ 1 (эксперт) - Winner!

  • Race: Protoss Protoss
  • Spawn Location: 7:00

VOD

Have the link to the VOD?

Description

Time

  • Played on: March 27, 2019, 2:12 a.m.
  • Length: 5:43
Show
View Real Time Build Order
Export as new Build Order

Murena Terran 

Build Orders:  

Get SALT Encoding   

  12  0:00  SCV  
  13  0:13  SCV  
  14  0:18  Supply Depot  
  14  0:26  SCV  
  15  0:29  Refinery  
  15  0:42  Barracks  
  15  0:46  SCV  
  16  0:59  SCV  
  17  1:06  Barracks  
  18  1:11  SCV  
  18  1:19  Supply Depot  
  18  1:23  SCV  
  19  1:29  Marine  
  20  1:36  SCV  
  21  1:47  Marine  
  21  1:49  Orbital Command  
  21  1:53  Barracks Tech Lab  
  22  2:02  Barracks  
  22  2:06  Barracks Reactor  
  22  2:12  Marauder  
  22  2:13  Concussive Shells  
  24  2:17  SCV  
  25  2:29  Supply Depot  
  25  2:30  SCV  
  25  2:34  Marauder  
  28  2:42  Marine x2  
  30  2:45  SCV  
  30  2:49  Barracks Tech Lab  
  31  2:57  Marauder, Supply Depot  
  31  2:58  SCV  
  34  3:00  Marine  
  34  3:01  Marine  
  36  3:06  Refinery  
  36  3:09  Marauder  
  36  3:12  SCV  
  39  3:21  Marauder, Marine  
  39  3:22  Marine  
  43  3:30  Supply Depot  
  43  3:31  Marauder  
  45  3:40  Marine  
  45  3:41  Marine  
  47  3:52  Engineering Bay  
  47  3:53  Marauder  
  49  3:56  Marauder, Bunker  
  49  3:58  SCV  
  49  4:01  Marine  
  53  4:02  Marine  
  54  4:12  SCV  
  54  4:14  Supply Depot  
Show
View Real Time Build Order
Export as new Build Order

ИИ 1 (эксперт) Protoss - Winner!

Build Orders: Mass Adepts 

Get SALT Encoding   

  12  0:00  Probe  
  13  0:13  Probe  
  14  0:20  Pylon  
  14  0:25  Probe  
  15  0:34  Probe  
  15  0:42  Probe  
  16  0:47  Assimilator  
  17  0:50  Gateway  
  17  0:52  Probe  
  18  1:00  Probe  
  18  1:02  Pylon  
  19  1:08  Probe  
  20  1:18  Probe  
  21  1:38  Probe, Gateway  
  21  1:39  Zealot  
  24  1:40  Cybernetics Core  
  24  1:48  Pylon  
  24  1:51  Probe  
  25  1:57  Zealot  
  25  2:03  Probe  
  28  2:15  Probe  
  29  2:19  Warp Gate  
  29  2:23  Adept  
  29  2:25  Adept  
  29  2:29  Gateway  
  33  2:38  Gateway  
  33  2:49  Adept  
  33  2:55  Adept  
  33  2:56  Pylon  
  33  2:57  Probe  
  38  3:13  Adept  
  38  3:16  Adept  
  42  3:25  Adept x2  
  46  3:28  Pylon  
  46  3:35  Probe  
  47  3:45  Adept  
  47  3:46  Adept  
  51  3:54  Stalker  
  51  3:55  Stalker  
  55  4:00  Pylon  
  55  4:03  Assimilator  
  55  4:22  Zealot  
  55  4:24  Stalker  
  59  4:32  Zealot, Stalker  
  59  4:35  Pylon  
  63  4:44  Robotics Facility  
  63  4:52  Adept  
  63  4:53  Adept  
  63  4:59  Adept  
  69  5:04  Adept  
  63  5:16  Zealot, Pylon  
  53  5:23  Zealot  
  47  5:29  Adept  
  47  5:35  Adept  
  49  5:41  Adept  
Tags
 
Add a new tag
Caveats
  • Supply blocks, unpowered buildings, or Contaminate may cause inaccurate times.
  • Supply counts are checked every 10 seconds.